General information
- name: BNet
- type: Ladder team game (AT/RT)
- host: Battle.net
- saver: PanicSwitch
map: FullScaleAssault
- players: 8
- length: 25:31
- speed: Fast
- version: 1.27 W3XP
- replay type: Public
» download(219 KB)
Players
team 1 (loser)
noob1trolol (
teal | 77 APM | 1953 actions | 25:28)
4 Demon Hunter
2 Immolation
2 Evasion
4 Keeper of the Grove
2 Entangling Roots
2 Thorns Aura
» actions
| Assign group hotkey | 175 | |
| Basic commands | 50 | |
| Build / train | 84 | |
| ESC pressed | 8 | |
| Enter build submenu | 16 | |
| Enter hero's abilities submenu | 8 | |
| Remove unit from queue | 2 | |
| Right click | 774 | |
| Select / deselect | 285 | |
| Select group hotkey | 445 | |
| Use ability | 106 | |
1953 total
» units
| Wisp | 12 | |
| Dryad | 6 | |
| Druid of the Claw | 11 | |
| Blue Dragon Whelp | 1 | |
| Blue Dragon | 4 | |
34 total
» upgrades
| Reinforced Hides | 3 | |
| Druid of the Claw Training | 2 | |
| Mark of the Claw | 1 | |
| Strength of the Wild | 3 | |
| Ultravision | 1 | |
| Well Spring | 1 | |
11 total
» buildings
| Altar of Elders | 1 | |
| Moon Well | 8 | |
| Tree of Ages | 3 | |
| Hunter's Hall | 1 | |
| Tree of Eternity | 3 | |
| Ancient of Lore | 2 | |
| Ancient of Wonders | 1 | |
| Tree of Life | 1 | |
20 total
» build order
00:05 Altar of Elders
00:17 Moon Well
01:40 Tree of Ages
01:41 Tree of Ages
01:52 Moon Well
02:01 Moon Well
02:31 Hunter's Hall
04:02 Tree of Eternity
04:02 Tree of Eternity
04:09 Ancient of Lore
04:57 Tree of Eternity
05:33 Ancient of Lore
06:56 Moon Well
08:25 Ancient of Wonders
08:49 Moon Well
14:38 Moon Well
15:13 Moon Well
19:56 Tree of Life
23:48 Moon Well
» items

»
ZZZZ.Z.zzzzzzzz (
orange | 79 APM | 2007 actions | 25:17)
5 Demon Hunter
1 Immolation
2 Mana Burn
2 Evasion
1 Priestess of the Moon
1 Trueshot Aura
» actions
| Assign group hotkey | 45 | |
| Basic commands | 232 | |
| Build / train | 101 | |
| ESC pressed | 1 | |
| Enter build submenu | 23 | |
| Enter hero's abilities submenu | 6 | |
| Give item / drop item | 3 | |
| Remove unit from queue | 3 | |
| Right click | 546 | |
| Select / deselect | 382 | |
| Select group hotkey | 607 | |
| Use ability | 58 | |
2007 total
» units
| Wisp | 22 | |
| Archer | 6 | |
| Huntress | 5 | |
| Hippogryph | 22 | |
| Faerie Dragon | 5 | |
| Druid of the Talon | 1 | |
| Chimaera | 8 | |
| Dryad | 3 | |
72 total
» upgrades
| Strength of the Wild | 3 | |
| Reinforced Hides | 3 | |
| Corrosive Breath | 1 | |
| Ultravision | 1 | |
8 total
» buildings
| Ancient of War | 1 | |
| Moon Well | 7 | |
| Altar of Elders | 1 | |
| Hunter's Hall | 1 | |
| Tree of Ages | 1 | |
| Tree of Life | 1 | |
| Ancient Protector | 3 | |
| Ancient of Wonders | 1 | |
| Tree of Eternity | 1 | |
| Ancient of Wind | 2 | |
| Chimaera Roost | 2 | |
| Ancient of Lore | 1 | |
22 total
» build order
00:20 Ancient of War
00:31 Moon Well
01:03 Altar of Elders
01:23 Moon Well
02:14 Hunter's Hall
04:20 Tree of Ages
04:29 Tree of Life
04:32 Ancient Protector
04:44 Ancient Protector
05:04 Moon Well
05:14 Moon Well
06:41 Ancient of Wonders
06:44 Tree of Eternity
06:51 Ancient of Wind
07:27 Moon Well
09:07 Chimaera Roost
09:07 Chimaera Roost
12:59 Ancient Protector
14:35 Ancient of Wind
16:28 Moon Well
20:41 Moon Well
21:54 Ancient of Lore
» items
| Potion of Healing | 1 | |
| Orb of Venom | 2 | |
| Scroll of Town Portal | 2 | |
| Potion of Lesser Invulnerability | 1 | |
6 total
Le_Mammouth (
pink | 60 APM | 1541 actions | 25:29)
4 Archmage
2 Summon Water Elemental
2 Brilliance Aura
» actions
| Assign group hotkey | 46 | |
| Basic commands | 3 | |
| Build / train | 86 | |
| Enter build submenu | 30 | |
| Enter hero's abilities submenu | 4 | |
| Give item / drop item | 1 | |
| Remove unit from queue | 3 | |
| Right click | 920 | |
| Select / deselect | 330 | |
| Select group hotkey | 41 | |
| Use ability | 77 | |
1541 total
» units
| Peasant | 17 | |
| Footman | 10 | |
| Goblin Shredder | 1 | |
| Goblin Zeppelin | 5 | |
| Knight | 7 | |
| Priest | 6 | |
| Siege Engine | 5 | |
51 total
» upgrades
| Lumber Harvesting | 2 | |
| Masonry | 3 | |
| Animal War Training | 1 | |
| Priest Training | 2 | |
| Swords | 3 | |
| Plating | 3 | |
| Barrage | 1 | |
| Gunpowder | 1 | |
16 total
» buildings
| Altar of Kings | 2 | |
| Farm | 14 | |
| Barracks | 2 | |
| Lumber Mill | 1 | |
| Scout Tower | 25 | |
| Keep | 2 | |
| Blacksmith | 1 | |
| Guard Tower | 7 | |
| Castle | 1 | |
| Arcane Sanctum | 1 | |
| Town Hall | 1 | |
| Arcane Vault | 1 | |
| Gryphon Aviary | 1 | |
| Workshop | 2 | |
61 total
» build order
00:06 Altar of Kings
00:12 Farm
00:24 Barracks
00:54 Farm
01:11 Lumber Mill
01:55 Farm
02:05 Farm
02:10 Farm
03:26 Scout Tower
03:27 Scout Tower
03:28 Scout Tower
03:29 Scout Tower
03:31 Keep
05:25 Blacksmith
05:28 Guard Tower
06:21 Castle
07:14 Arcane Sanctum
07:49 Barracks
09:14 Town Hall
11:12 Farm
11:13 Farm
11:17 Farm
11:59 Scout Tower
12:35 Farm
12:50 Arcane Vault
13:56 Farm
13:57 Farm
13:57 Farm
14:20 Guard Tower
14:25 Gryphon Aviary
14:36 Workshop
14:51 Scout Tower
14:52 Scout Tower
14:53 Scout Tower
14:54 Scout Tower
14:54 Scout Tower
14:55 Scout Tower
14:56 Scout Tower
14:57 Scout Tower
16:14 Guard Tower
16:31 Farm
16:31 Farm
20:06 Guard Tower
20:42 Workshop
21:03 Scout Tower
21:07 Scout Tower
21:09 Scout Tower
21:09 Scout Tower
21:11 Scout Tower
21:12 Scout Tower
21:13 Scout Tower
21:13 Scout Tower
21:15 Scout Tower
21:42 Scout Tower
21:43 Scout Tower
21:43 Scout Tower
23:32 Guard Tower
23:41 Altar of Kings
24:27 Keep
24:29 Guard Tower
hino-3-level (
green | 51 APM | 1291 actions | 25:22)
6 Goblin Tinker
3 Pocket Factory
2 Engineering Upgrade
1 Robo-Goblin
» actions
| Build / train | 105 | |
| Enter build submenu | 30 | |
| Enter hero's abilities submenu | 6 | |
| Give item / drop item | 2 | |
| Right click | 743 | |
| Select / deselect | 330 | |
| Use ability | 75 | |
1291 total
» units
| Wisp | 28 | |
| Archer | 6 | |
| Druid of the Claw | 4 | |
| Druid of the Talon | 6 | |
| Faerie Dragon | 2 | |
| Dryad | 6 | |
| Chimaera | 2 | |
| Hippogryph | 13 | |
67 total
» upgrades
| Druid of the Claw Training | 2 | |
| Nature's Blessing | 1 | |
| Abolish Magic | 1 | |
| Corrosive Breath | 1 | |
| Reinforced Hides | 2 | |
| Ultravision | 1 | |
| Mark of the Claw | 1 | |
| Druid of the Talon Training | 2 | |
| Strength of the Wild | 2 | |
| Mark of the Talon | 1 | |
14 total
» buildings
| Altar of Elders | 1 | |
| Moon Well | 8 | |
| Ancient of War | 1 | |
| Hunter's Hall | 1 | |
| Tree of Life | 2 | |
| Ancient Protector | 10 | |
| Tree of Ages | 2 | |
| Ancient of Wonders | 1 | |
| Tree of Eternity | 2 | |
| Ancient of Lore | 2 | |
| Ancient of Wind | 2 | |
| Chimaera Roost | 2 | |
34 total
» build order
00:08 Altar of Elders
00:10 Moon Well
01:06 Ancient of War
01:29 Moon Well
02:31 Hunter's Hall
04:06 Moon Well
04:25 Tree of Life
04:53 Ancient Protector
04:57 Ancient Protector
05:01 Ancient Protector
05:40 Tree of Ages
05:50 Moon Well
06:47 Ancient of Wonders
08:14 Tree of Eternity
08:15 Tree of Eternity
08:17 Ancient of Lore
08:21 Ancient of Lore
08:25 Ancient of Wind
09:01 Ancient of Wind
10:11 Ancient Protector
10:37 Ancient Protector
10:54 Chimaera Roost
12:30 Chimaera Roost
12:38 Moon Well
13:39 Moon Well
14:26 Moon Well
14:31 Moon Well
17:29 Ancient Protector
17:34 Ancient Protector
17:38 Ancient Protector
17:42 Ancient Protector
17:47 Ancient Protector
19:54 Tree of Life
» items
| Boots of Speed | 4 | |
| Dust of Appearance | 1 | |
| Potion of Healing | 1 | |
6 total
team 2 (winner)
Aldo_firestar (
yellow | 87 APM | 2224 actions | 25:30)
5 Blood Mage
1 Flame Strike
2 Banish
1 Siphon Mana
1 Summon Phoenix
2 Mountain King
1 Storm Bolt
1 Bash
» actions
| Assign group hotkey | 48 | |
| Build / train | 97 | |
| Enter build submenu | 27 | |
| Enter hero's abilities submenu | 7 | |
| Give item / drop item | 10 | |
| Remove unit from queue | 1 | |
| Right click | 1115 | |
| Select / deselect | 308 | |
| Select group hotkey | 485 | |
| Use ability | 126 | |
2224 total
» units
| Peasant | 23 | |
| Rifleman | 14 | |
| Gryphon Rider | 4 | |
| Goblin Zeppelin | 1 | |
| Dragonhawk Rider | 6 | |
48 total
» upgrades
| Gunpowder | 1 | |
| Lumber Harvesting | 2 | |
| Masonry | 1 | |
| Long Rifles | 1 | |
| Animal War Training | 1 | |
| Swords | 2 | |
| Storm Hammers | 1 | |
| Armor | 1 | |
| Cloud | 1 | |
11 total
» buildings
| Altar of Kings | 1 | |
| Farm | 12 | |
| Blacksmith | 1 | |
| Barracks | 1 | |
| Arcane Vault | 1 | |
| Lumber Mill | 1 | |
| Town Hall | 3 | |
| Scout Tower | 6 | |
| Guard Tower | 4 | |
| Keep | 2 | |
| Arcane Tower | 1 | |
| Castle | 1 | |
| Gryphon Aviary | 4 | |
38 total
» build order
00:12 Altar of Kings
00:34 Farm
01:04 Blacksmith
01:10 Farm
01:17 Barracks
01:53 Arcane Vault
01:57 Farm
02:45 Farm
03:39 Lumber Mill
04:29 Town Hall
05:09 Farm
05:59 Scout Tower
05:59 Scout Tower
06:00 Scout Tower
06:01 Scout Tower
06:02 Scout Tower
06:02 Scout Tower
06:40 Guard Tower
06:43 Keep
06:52 Farm
06:56 Guard Tower
07:05 Guard Tower
07:28 Guard Tower
07:44 Arcane Tower
09:05 Castle
09:10 Gryphon Aviary
09:14 Gryphon Aviary
09:22 Farm
10:43 Gryphon Aviary
10:46 Farm
13:01 Gryphon Aviary
13:04 Farm
14:57 Farm
15:55 Farm
16:17 Farm
16:55 Town Hall
19:59 Town Hall
24:13 Keep
» items
| Scroll of Regeneration | 5 | |
| Lesser Clarity Potion | 2 | |
| Scroll of Town Portal | 3 | |
| Potion of Healing | 1 | |
| Potion of Mana | 1 | |
| Orb of Fire | 1 | |
| Staff of Sanctuary | 1 | |
14 total
box.in (
blue | 107 APM | 2730 actions | 25:30)
7 Priestess of the Moon
3 Trueshot Aura
3 Searing Arrows
1 Starfall
6 Keeper of the Grove
3 Entangling Roots
2 Thorns Aura
1 Tranquility
» actions
| Assign group hotkey | 50 | |
| Basic commands | 150 | |
| Build / train | 100 | |
| ESC pressed | 6 | |
| Enter build submenu | 26 | |
| Enter hero's abilities submenu | 13 | |
| Give item / drop item | 5 | |
| Right click | 1130 | |
| Select / deselect | 508 | |
| Select group hotkey | 639 | |
| Use ability | 103 | |
2730 total
» units
| Wisp | 21 | |
| Archer | 29 | |
| Blue Drake | 2 | |
| Druid of the Claw | 2 | |
54 total
» upgrades
| Improved Bows | 1 | |
| Strength of the Moon | 3 | |
| Ultravision | 1 | |
| Moon Armor | 2 | |
| Marksmanship | 1 | |
| Well Spring | 1 | |
| Nature's Blessing | 1 | |
| Druid of the Claw Training | 3 | |
13 total
» buildings
| Altar of Elders | 1 | |
| Moon Well | 13 | |
| Ancient of War | 2 | |
| Tree of Ages | 1 | |
| Tree of Life | 3 | |
| Hunter's Hall | 1 | |
| Ancient of Wonders | 2 | |
| Tree of Eternity | 1 | |
| Ancient of Lore | 1 | |
25 total
» build order
00:27 Altar of Elders
00:43 Moon Well
01:18 Ancient of War
01:28 Moon Well
01:41 Moon Well
02:15 Ancient of War
03:32 Tree of Ages
03:53 Moon Well
03:59 Moon Well
05:15 Tree of Life
06:15 Hunter's Hall
06:35 Moon Well
06:46 Ancient of Wonders
06:59 Ancient of Wonders
07:38 Moon Well
07:51 Tree of Eternity
08:58 Moon Well
12:34 Moon Well
13:16 Ancient of Lore
15:15 Moon Well
15:23 Moon Well
15:30 Moon Well
19:06 Tree of Life
19:51 Tree of Life
20:26 Moon Well
» items
| Orb of Venom | 1 | |
| Scroll of Town Portal | 2 | |
| Potion of Healing | 2 | |
| Staff of Preservation | 1 | |
| Moonstone | 1 | |
| Potion of Lesser Invulnerability | 1 | |
8 total
V2Scred (
red | 40 APM | 1015 actions | 25:30)
5 Death Knight
2 Death Coil
3 Unholy Aura
» actions
| Assign group hotkey | 20 | |
| Basic commands | 79 | |
| Build / train | 70 | |
| Enter build submenu | 18 | |
| Enter hero's abilities submenu | 5 | |
| Right click | 365 | |
| Select / deselect | 199 | |
| Select group hotkey | 223 | |
| Use ability | 36 | |
1015 total
» units
| Acolyte | 6 | |
| Ghoul | 3 | |
| Crypt Fiend | 19 | |
| Gargoyle | 5 | |
| Necromancer | 7 | |
40 total
» upgrades
| Creature Attack | 3 | |
| Creature Carapace | 3 | |
| Web | 1 | |
| Burrow | 1 | |
| Unholy Strength | 2 | |
| Necromancer Training | 2 | |
| Skeletal Longevity | 1 | |
| Skeletal Mastery | 1 | |
14 total
» buildings
| Altar of Darkness | 1 | |
| Ziggurat | 8 | |
| Crypt | 2 | |
| Graveyard | 2 | |
| Nerubian Tower | 2 | |
| Tomb of Relics | 1 | |
| Spirit Tower | 1 | |
| Halls of the Dead | 1 | |
| Black Citadel | 1 | |
| Temple of the Damned | 1 | |
20 total
» build order
00:22 Altar of Darkness
00:26 Ziggurat
00:38 Crypt
01:06 Graveyard
01:20 Nerubian Tower
01:58 Tomb of Relics
02:14 Ziggurat
03:09 Spirit Tower
03:53 Ziggurat
06:08 Halls of the Dead
06:52 Ziggurat
08:28 Graveyard
08:32 Crypt
08:35 Ziggurat
10:50 Black Citadel
15:20 Ziggurat
15:44 Ziggurat
17:48 Temple of the Damned
19:45 Ziggurat
24:12 Nerubian Tower
» items
| Rod of Necromancy | 1 | |
| Potion of Healing | 1 | |
| Scroll of Town Portal | 2 | |
| Orb of Corruption | 1 | |
5 total
PanicSwitch (
purple | 85 APM | 2183 actions | 25:31)
» actions
| Assign group hotkey | 14 | |
| Build / train | 53 | |
| Enter build submenu | 12 | |
| Remove unit from queue | 2 | |
| Right click | 798 | |
| Select / deselect | 260 | |
| Select group hotkey | 1025 | |
| Use ability | 19 | |
2183 total
» units
| Wisp | 13 | |
| Hippogryph | 22 | |
| Faerie Dragon | 6 | |
41 total
» upgrades
| Strength of the Wild | 3 | |
| Reinforced Hides | 3 | |
| Well Spring | 1 | |
| Ultravision | 1 | |
8 total
» buildings
| Moon Well | 6 | |
| Tree of Ages | 1 | |
| Hunter's Hall | 1 | |
| Altar of Elders | 1 | |
| Ancient of Wind | 3 | |
| Tree of Eternity | 1 | |
| Tree of Life | 1 | |
| Ancient of Wonders | 1 | |
15 total
» build order
00:14 Moon Well
01:44 Moon Well
01:52 Moon Well
02:29 Tree of Ages
02:34 Hunter's Hall
04:06 Altar of Elders
04:55 Ancient of Wind
04:56 Ancient of Wind
04:57 Ancient of Wind
05:13 Moon Well
05:15 Tree of Eternity
11:35 Moon Well
11:36 Moon Well
14:25 Tree of Life
20:39 Ancient of Wonders
Chat log
(07:58 / Allies) PanicSwitch: why didn't you coil
(08:45 / Allies) Aldo_firestar: ty
(10:09 / Allies) PanicSwitch: why you kept autoweb on lmao
(14:38 / Allies) V2Scred: ty
(15:43 / All) PanicSwitch: omgerd
(15:52 / Allies) box.in: back and weit!
(16:52 / Allies) box.in: we tp?
(16:56 / Allies) V2Scred: tp
(17:11 / All) ZZZZ.Z.zzzzzzzz: OMG NICE TP
(17:18 / Allies) PanicSwitch: go
(17:25 / Allies) V2Scred: lol
(18:08 / Allies) Aldo_firestar: main
(18:50 / Allies) Aldo_firestar: in elf
(20:43 / Allies) box.in: u dont together
(23:00 / All) Le_Mammouth: team refuse to tp lol
(23:01 / All) Le_Mammouth: gg
(23:15 / All) noob1trolol: complain and leave cya
(24:09 / Allies) PanicSwitch: next base
(24:10 / Allies) PanicSwitch: next base
(24:11 / Allies) PanicSwitch: next base
(24:13 / Allies) PanicSwitch: next base
(24:17 / Allies) PanicSwitch: next base
(24:23 / Allies) PanicSwitch: holy fuck next base
(24:37 / Allies) PanicSwitch: come on blue
(25:14 / All) ZZZZ.Z.zzzzzzzz: hiipo rules^^ gg